 Dungeon Crawl Stone Soup version 0.31-a0-963-ga325b2283a (webtiles) character file.

Game seed: 2608415499436610548

6284 IdlyInterested the Fighter (level 10, -6/80 HPs)
             Began as a Demonspawn Fighter on Oct 24, 2023.
             Killed from afar by a steam dragon (14 damage)
             ... with a ball of steam
             ... on level 9 of the Dungeon.
             The game lasted 00:39:10 (10942 turns).

IdlyInterested the Fighter (Demonspawn Fighter)    Turns: 10942, Time: 00:39:11

Health: -6/80      AC: 14    Str: 20    XL:     10   Next: 63%
Magic:  19/19      EV: 27    Int: 12    God:
Gold:   434        SH:  0    Dex: 17    Spells: 9/9 levels left

rFire   . .          .
                       - Unarmed
rCold   . . .        (no shield)
rNeg    . . .        L - +0 plate armour
rPois   +            (helmet currently unavailable)
rElec   .            (cloak currently unavailable)
rCorr   .            v - melded +0 pair of gloves
SInv    .            (boots currently unavailable)
Will    .....        P - amulet of the acrobat Stlth
                     S - +5 ring of evasion
HPRegen 0.33/turn    N - ring "Fubamn" {rPois Will- MP+9 Int+3 Dex+3}
MPRegen 0.16/turn

%: acrobat
@: beast-form, on berserk cooldown, acrobatic, slowed, very slow
A: beast (slay +2), thin metallic scales 2, demonic guardian 1, ignite blood 1,
demonic touch 2
a: Begin Untransformation


You were on level 9 of the Dungeon.
You were a hulking beast.
You visited 2 branches of the dungeon, and saw 10 of its levels.
You also visited: Sewer.

You collected 434 gold pieces.

Inventory:

Hand Weapons
 a - a +1 mace of protection
 e - a +0 dagger of freezing
 i - a +0 flail
 k - a +2 dagger of chaos
 n - a +0 short sword
 s - a +1 hand axe
 t - a +0 whip
 B - a +0 war axe
 D - a +1 falchion
 G - a +1 short sword of protection
 I - a +0 long sword
 M - a +0 trident
 T - a +1 short sword of speed
Missiles
 f - 3 throwing nets
 p - 33 stones
 u - 31 poisoned darts (quivered)
 K - 5 boomerangs
Armour
 b - a +0 buckler
 o - a +2 robe
 v - a +0 pair of gloves (melded)
 L - a +0 plate armour (worn)
Jewellery
 j - a ring of fire
 m - an amulet of faith
 q - a ring of positive energy
 F - a ring of magical power
 N - the ring "Fubamn" (right hand) {rPois Will- MP+9 Int+3 Dex+3}
   (You took it off an orc on level 7 of the Dungeon)

   [ring of magical power]

   Int+3:     It affects your intelligence (+3).
   Dex+3:     It affects your dexterity (+3).
   rPois:     It protects you from poison Will-: It decreases your willpower.
   MP+9:      It affects your magic capacity (+9).
 P - an amulet of the acrobat (around neck)
 Q - a ring of see invisible
 S - a +5 ring of evasion (left hand)
Talismans
 h - a beast talisman (active)
 C - a dragon-blood talisman
Wands
 z - a wand of flame (7)
 A - a wand of acid (13)
Scrolls
 g - 3 scrolls of enchant weapon
 y - a scroll of enchant armour
 O - a scroll of fear
 R - a scroll of teleportation
 U - a scroll of amnesia
Potions
 c - a potion of might
 d - a potion of invisibility
 l - a potion of mutation
 r - 2 potions of haste
 w - 2 potions of cancellation
 E - a potion of curing
 H - 2 potions of attraction
 J - a potion of magic
 V - a potion of lignification


   Skills:
 - Level 8.0 Fighting
 - Level 4.0 Throwing
 + Level 4.2 Armour
 - Level 4.0 Dodging
 - Level 4.0 Stealth
 - Level 4.0 Shields
 - Level 8.0 Unarmed Combat
 - Level 4.0 Evocations
 * Level 4.8 Shapeshifting


You had 9 spell levels left.
You didn't know any spells.
Your spell library contained the following spells:

 Spells                   Type           Power      Damage    Failure   Level
 Blink                    Tloc           0%         N/A       100%        2
 Lesser Beckoning         Tloc           0%         N/A       100%        2
 Momentum Strike          Conj/Tloc      0%         3d8       100%        2
 Gell's Gravitas          Tloc           0%         N/A       100%        3
 Teleport Other           Tloc           0%         N/A       100%        3


Dungeon Overview and Level Annotations

Branches:
Dungeon (9/15)             Temple (1/1) D:5            Lair (0/5) D:8
  Sewer (visited)
    Orc: D:9-12

Altars:
Ashenzari
Cheibriados
Dithmenos
Fedhas
Gozag
Hepliaklqana
Kikubaaqudgha
Makhleb
Nemelex Xobeh
Okawaru
Qazlal
Ru
Sif Muna
Trog
Vehumet
Wu Jian
Xom
Yredelemnul

Shops:
D:4 =   D:5 :   D:7 (

Annotations:
D:9 Amaemon


Innate Abilities, Weirdness & Mutations

You are a hulking beast.
Your limbs bulge with bestial killing power. (Slay +2)
You are mostly covered in thin metallic scales. (AC +3)
A weak demonic guardian rushes to your aid.
Your demonic aura sometimes causes spilled blood to erupt in flames.
Your touch may inflict irresistible damage on your foes.


Message History

The arrow hits you. The steam dragon bites you.
The steam dragon claws you but does no damage.
You hit the steam dragon.
The steam dragon is almost dead.
The centaur shoots an arrow.
The arrow closely misses you.
The centaur shoots an arrow.
The arrow hits you.
The centaur shoots an arrow.
The arrow closely misses you.
The steam dragon bites you but does no damage.
The steam dragon closely misses you.
The centaur shoots an arrow.
The arrow hits you!
You hit the steam dragon.
You kill the steam dragon!
The centaur shoots an arrow.
The arrow hits you!
The centaur shoots an arrow.
The arrow hits you.
The centaur shoots an arrow.
The arrow hits you.
The centaur shoots an arrow.
The arrow hits you!
* * * LOW HITPOINT WARNING * * *
The centaur shoots an arrow.
The arrow misses you.
The centaur shoots an arrow.
The arrow barely misses you.
The centaur shoots an arrow.
The arrow barely misses you.
The centaur shoots an arrow.
The arrow barely misses you.
The centaur shoots an arrow.
The arrow closely misses you.
The centaur shoots an arrow.
The arrow misses you.
The centaur shoots an arrow.
The arrow misses you.
The centaur shoots an arrow.
The arrow barely misses you.
The centaur shoots an arrow.
The arrow completely misses you.
The centaur shoots an arrow.
The arrow hits you but does no damage.
The centaur shoots an arrow.
The arrow hits you.
* * * LOW HITPOINT WARNING * * *
The centaur shoots an arrow.
The arrow hits you!
* * * LOW HITPOINT WARNING * * *
A demonic guardian appears!
The centaur shoots an arrow.
The arrow closely misses you.
You see here a +1 pair of boots.
A steam dragon comes into view.
The steam dragon hisses angrily.
The steam dragon breathes steam at you. The ball of steam hits your quasit!
Your quasit resists.
The ball of steam hits you!
You die...

,,,,,,,,*,*,..* *,**,,~~,~~,* *,
******#.#,*##.***,**,,~,,,~,****,
........#.....,,,,***,~,8,~,,,,,,
#######.#####.##*** *,,,,,,,*****
#.....#.#####..# *****,,,,,,,,
#.#...#.######.# *,,,,,,,,
#.#.#....#####.## *,~~~~~~~
#........#####..#### *,~*****~
..#.#!......[...h..# **,~*,,,*~
..#.#....#..###.5#.#****,,~*,∩,*~
..#..<...#..####.§...,,,,,~*,,,*~
#####.........,..#..##***,~**,**~
~≈≈~≈≈≈≈≈≈≈≈~#####..#* *,~~~~~~~
≈≈~≈≈~~~~~~≈≈# *,,.D#***,,,,,,,,
≈~≈≈~≈≈≈≈≈≈~≈# *,,....,**,,,,,,,
≈~≈~≈≈~~cc≈≈~# *,,,...,,,,,,,,,,
≈~≈~≈~≈≈≈≈~≈≈# *,,,,******,*,,,,


You could see a friendly quasit (summoned).

Vanquished Creatures
  A two-headed ogre (D:8)
  A fire crab (D:8)
  A cyclops (D:8)
  A hornet (D:8)
  5 yaks (D:8)
  Eustachio (D:4)
  2 steam dragons
  2 ice beasts (D:7)
  2 orc warriors
  A black bear (D:5)
  A hornet zombie (D:8)
  2 ogres
  A centaur (D:5)
  3 bullfrogs
  A kobold brigand (D:6)
  3 necrophages (D:8)
  A wyvern zombie (D:8)
  5 scorpions
  3 wights (D:7)
  6 electric eels (D:8)
  2 howler monkeys
  4 hounds
  8 orc priests
  2 gnoll boudas (D:7)
  5 iguanas
  3 sleepcaps
  Natasha (thrice) (D:3)
  7 orc wizards
  A killer bee zombie (D:8)
  3 gnolls (D:7)
  8 adders
  5 river rats (Sewer)
  2 shadow imps
  4 ufetubi (D:6)
  2 worms
  2 dart slugs (D:4)
  36 orcs
  16 ball pythons
  5 endoplasms
  4 giant cockroaches
  5 hobgoblins
  4 jackals
  12 kobolds
  2 quokkas
  6 bats
  14 frilled lizards
  7 goblins
  7 rats
222 creatures vanquished.

Vanquished Creatures (collateral kills)
  Psyche (D:8)
1 creature vanquished.

Grand Total: 223 creatures vanquished

Notes
Turn   | Place    | Note
-------+----------+-------------------------------------------
     0 | D:1      | IdlyInterested the Demonspawn Fighter began the quest for
                  | the Orb.
     0 | D:1      | Reached XP level 1. HP: 18/18 MP: 1/1
   204 | D:1      | Gained mutation: Your touch may inflict minor irresistible
                  | damage on your foes. [demonic ancestry]
   204 | D:1      | Reached XP level 2. HP: 10/24 MP: 2/2
   545 | D:1      | Reached skill level 1 in Dodging
  1197 | D:2      | Reached skill level 1 in Throwing
  1197 | D:2      | Reached XP level 3. HP: 28/29 MP: 3/3
  1451 | D:2      | Reached skill level 1 in Stealth
  1952 | D:3      | Found a glowing drain.
  1971 | Sewer    | Entered a sewer
  1989 | Sewer    | Reached XP level 4. HP: 35/35 MP: 4/4
  2098 | Sewer    | Reached skill level 1 in Shapeshifting
  2566 | Sewer    | Gained mutation: Your demonic aura sometimes causes spilled
                  | blood to erupt in flames. [demonic ancestry]
  2566 | Sewer    | Reached XP level 5. HP: 41/41 MP: 5/5
  3040 | D:3      | Noticed Natasha
  3048 | D:3      | Killed Natasha
  3254 | D:3      | Noticed Natasha
  3258 | D:3      | Killed Natasha
  3363 | D:3      | Noticed Natasha
  3374 | D:3      | Killed Natasha
  3375 | D:3      | Gained mutation: You are partially covered in thin metallic
                  | scales. (AC +2) [demonic ancestry]
  3375 | D:3      | Reached XP level 6. HP: 44/47 MP: 6/6
  3955 | D:4      | Noticed Eustachio
  3978 | D:4      | Killed Eustachio
  3979 | D:4      | Reached skill level 1 in Evocations
  4440 | D:4      | Found Bacigiupn's Jewellery Shoppe.
  4473 | D:4      | Gained mutation: Your touch may inflict irresistible damage
                  | on your foes. [demonic ancestry]
  4473 | D:4      | Reached XP level 7. HP: 55/55 MP: 7/7
  4725 | D:4      | Reached skill level 5 in Fighting
  5190 | D:5      | Entered Level 5 of the Dungeon
  5190 | D:5      | Found Ypaquwin's Self-Improvement Boutique.
  5429 | D:5      | Found a staircase to the Ecumenical Temple.
  5432 | Temple   | Entered the Ecumenical Temple
  5747 | D:5      | Found a shadowy altar of Dithmenos.
  5757 | D:5      | Reached XP level 8. HP: 56/62 MP: 8/8
  6717 | D:6      | Reached skill level 5 in Unarmed Combat
  7034 | D:6      | Found a radiant altar of Vehumet.
  7760 | D:7      | Found Enomahan's Weapon Boutique.
  7795 | D:7      | Identified the ring "Fubamn" {rPois Will- MP+9 Int+3 Dex+3}
  7796 | D:7      | Gained mutation: You are mostly covered in thin metallic
                  | scales. (AC +3) [demonic ancestry]
  7796 | D:7      | Reached XP level 9. HP: 32/67 MP: 9/9
  8543 | D:7      | Found an opulent altar of Gozag.
  9127 | D:8      | Noticed a two-headed ogre
  9134 | D:8      | Killed a two-headed ogre
  9144 | D:8      | Noticed a fire crab
  9153 | D:8      | Killed a fire crab
  9303 | D:8      | Gained mutation: A weak demonic guardian rushes to your
                  | aid. [demonic ancestry]
  9303 | D:8      | Reached XP level 10. HP: 58/79 MP: 10/10
  9323 | D:8      | Noticed Psyche
  9346 | D:8      | Paralysed by Psyche for 2 turns
  9349 | D:8      | HP: 6/120 [poisoned by Psyche]
  9350 | D:8      | Killed Psyche
  9594 | D:8      | Found a staircase to the Lair.
  9709 | D:8      | Paralysed by a hornet for 2 turns
 10419 | D:8      | Noticed a cyclops
 10427 | D:8      | Killed a cyclops
 10722 | D:8      | Found a blossoming altar of Fedhas.
 10925 | D:9      | Noticed Amaemon
 10942 | D:9      | Killed from afar by a steam dragon

Illustrated notes

Levels and vault maps discovered:
D:1:      amcnicky_arrival_underground_garden, layout_basic,
          nicolae_eternal_life
D:2:      layout_basic
D:3:      layout_basic, mainiacjoe_overflow_alcove_1,
          cheibrodos_sewer_entry_bend, uniq_natasha
D:4:      layout_gridville, serial_shops, nicolae_shop_tiny_waterfront,
          serial_bayou_lake_a, uniq_eustachio
D:5:      layout_layer_cave, nicolae_dithmenos_the_darkroom,
          minmay_temple_entry_grid, nicolae_shop_self_help
D:6:      layout_cave_pods, overflow_temple_1_default, minmay_lizard_king
D:7:      layout_loops_ring, mainiacjoe_overflow_paths, serial_shops,
          nicolae_stop_n_shop_1, roderic_batcave, kennysheep_generic_room_11
D:8:      cheibrodos_two_vegetables, layout_loops_cross,
          fedhas_altar_decomposition, minmay_lair_entry_lava, uniq_psyche
D:9:      nicolae_whirlpool, layout_basic, mainiacjoe_overflow_catwalk,
          enter_bailey_3, serial_glass, glass_columns_a, glass_columns_b,
          glass_columns_a, glass_columns_c, glass_columns_b, uniq_grum,
          uniq_amaemon, uniq_erica
Temple:   minmay_temple_bridge_d

Skill      XL: |  1  2  3  4  5  6  7  8  9 10 |
---------------+-------------------------------+-----
Armour         | 3 4 |  4.2
Dodging        | 1 2 3 4 |  4.0
Unarmed Combat | 2 3 4 5 7 8 |  8.0
Throwing       | 1 2 3 4 |  4.0
Stealth        | 1 2 3 4 |  4.0
Shapeshifting  | 2 3 4 |  4.8
Fighting       | 4 5 6 7 8 |  8.0
Evocations     | 2 3 4 |  4.0
Shields        | 3 4 |  4.0

Action                     |  1- 3 |  4- 6 |  7- 9 | 10-12 || total
---------------------------+-------+-------+-------+-------++-------
  Melee: Unarmed           |   180 |   278 |   310 |    99 ||   867
         Touch             |     2 |    74 |    61 |    17 ||   154
         Punch             |     1 |     8 |    13 |    11 ||    33
  Throw: Stone             |     4 |     2 |     1 |       ||     7
         Dart              |       |       |    16 |     6 ||    22
  Evoke: Wand              |       |       |       |    10 ||    10
    Use: Scroll            |     4 |     4 |     6 |     5 ||    19
         Potion            |       |     2 |     3 |     3 ||     8
   Stab: Distracted        |       |       |       |     1 ||     1
 Armour: Scale mail        |   112 |   158 |       |       ||   270
         Chain mail        |       |     2 |   120 |       ||   122
         Plate armour      |       |       |   148 |   106 ||   254
  Dodge: Dodged            |    65 |   101 |   145 |    87 ||   398
  Block: Buckler           |    22 |       |       |       ||    22
   Form: Beast             |       |     1 |       |       ||     1

Table legend: (Time is in decaauts)
 A = Elapsed time spent in this place.
 B = Non-inter-level travel time spent in this place.
 C = Inter-level travel time spent in this place.
 D = Time resting spent in this place.
 E = Time spent auto-exploring this place.
 F = Levels seen in this place.
 G = Mean time per level.
                   A        B        C        D        E       F      G
               +--------+--------+--------+--------+--------+-----+--------+
         Total |  11129 |  10019 |   1110 |   2136 |   5252 |  11 | 1011.7 |
       Dungeon |  10125 |   9015 |   1110 |   1955 |   4960 |   9 | 1125.0 |
        Temple |      1 |      1 |      0 |      0 |      0 |   1 |    1.0 |
         Sewer |   1002 |   1002 |      0 |    181 |    291 |   1 | 1002.0 |
               +--------+--------+--------+--------+--------+-----+--------+

Top non-repeatable levels by time:
     D:8: 1926 daAuts
     D:3: 1340 daAuts
     D:6: 1268 daAuts
     D:5: 1266 daAuts
     D:4: 1224 daAuts
     D:1: 1175 daAuts
     D:7: 1109 daAuts
   Sewer: 1002 daAuts
     D:2: 787 daAuts
     D:9: 25 daAuts
  Temple: 1 daAuts
